AoeStats
← ccereal

Oasis

509900229Analyzed
2v2 RM · 4d ago on Sep 28, 2026· 40m 17s· 4 players
Game mode
Random Map
Map size
Medium (4 player)
Population
200
Speed
Normal
Resources
Standard
Victory
Conquest
Starting age
Dark Age
Ending age
Imperial Age
RankedLock teamsTeams togetherTeam positionsShared explorationLock speedFull tech treeHidden civsTurbo modeCheats
Victory
Defeat
🇩🇪 Saracens · Germany
1572
+18
🇮🇹 Sicilians · Italy
1431
+24
🇫🇷 Saracens · France
1620
-21
🇫🇷 Vikings · France
1611
-21
Praecursor
8:59 Feudal Age
8:56 Loom
9:26 Double-Bit Axe
10:40 Horse Collar
19:21 Castle Age
20:32 Bow Saw
20:40 Scale Barding Armor
20:46 Forging
22:31 Wheelbarrow
22:29 Heavy Plow
28:10 Iron Casting
29:11 Gold Mining
32:41 Imperial Age
30:49 Chain Barding Armor
30:20 Fletching
30:30 Scale Mail Armor
30:33 Squires
29:53 Pikeman
30:19 Arson
30:43 Stone Mining
31:30 Gold Shaft Mining
33:07 Chain Mail Armor
33:05 Bloodlines
33:34 Stone Shaft Mining
32:59 Bodkin Arrow
32:58 Halberdier
34:17 Plate Mail Armor
36:06 Chemistry
35:17 Masonry
34:53 Capped Ram
35:53 Gambesons
35:29 Man-at-Arms
37:16 Blast Furnace
36:17 Bracer
36:20 Long Swordsman
37:36 Crop Rotation
37:27 Hand Cart
36:58 Town Watch
37:55 Two-Handed Swordsman
38:58 Conscription
38:52 Champion
39:48 Padded Archer Armor
39:38 Arrowslits
Falsche Haut
8:19 Loom
10:28 Feudal Age
11:05 Double-Bit Axe
14:39 Fletching
16:44 Horse Collar
22:02 Castle Age
21:43 Gold Mining
22:44 Bodkin Arrow
22:24 Crossbowman
24:23 Ballistics
25:17 Thumb Ring
26:27 Gold Shaft Mining
27:47 Heavy Plow
34:07 Imperial Age
33:09 Bow Saw
33:21 Padded Archer Armor
36:01 Chemistry
35:16 Bracer
37:01 Wheelbarrow
38:03 Two-Man Saw
37:47 Arbalester
Frorok
6:56 Loom
8:59 Feudal Age
9:50 Man-at-Arms
13:40 Horse Collar
14:02 Double-Bit Axe
20:22 Castle Age
20:17 Gold Mining
21:31 Bow Saw
22:26 Heavy Plow
24:08 Scale Barding Armor
24:13 Forging
25:33 Chain Barding Armor
25:55 Town Watch
28:21 Iron Casting
35:15 Imperial Age
32:38 Fletching
34:44 Scale Mail Armor
36:09 Chain Mail Armor
36:19 Conscription
36:35 Hoardings
35:34 Elite Varangian Guard
35:59 Arson
36:15 Squires
37:51 Two-Man Saw
37:26 Plate Mail Armor
39:58 Blast Furnace
40:13 Long Swordsman
ccereal
5:59 Loom
8:19 Feudal Age
8:55 Double-Bit Axe
17:48 Castle Age
16:41 Fletching
16:52 Padded Archer Armor
18:07 Crossbowman
22:34 Bodkin Arrow
24:15 Bow Saw
33:42 Wheelbarrow
37:53 Imperial Age
Connection lost

Rejoining the realm…

Still unreachable

The connection could not be restored.

Session expired

The server has moved on; the page needs a fresh start.